 Dungeon Crawl Stone Soup version 0.23.2-40-g277498a001 (webtiles) character file.

Game seed: 3142808501322667280

22408 Emblim88 the Carver (level 13, -2/115 HPs)
             Began as a Hill Orc Fighter on Oct 19, 2019.
             Was an Elder of Qazlal.
             Slain by a meliai
             ... wielding a +0 broad axe
              (5 damage)
             ... on level 13 of the Dungeon.
             The game lasted 00:40:55 (15431 turns).

Emblim88 the Carver (Hill Orc Fighter)             Turns: 15431, Time: 00:40:59

Health: -2/115     AC: 18    Str: 23    XL:     13   Next: 0%
Magic:  28/28      EV:  7    Int: 10    God:    Qazlal [****..]
Gold:   223        SH:  5    Dex: 11    Spells: 16/16 levels left

rFire    + . .     SeeInvis +   a - +5 great sword of Takkeyly {slice, rF+ Stlth+}
rCold    . . .     Gourm    .   (shield currently unavailable)
rNeg     . . .     Faith    .   i - +0 plate armour
rPois    .         Spirit   .   (helmet restricted)
rElec    .         Reflect  .   C - +0 cloak
rCorr    .         Harm     .   (no gloves)
MR       .....                  (no boots)
Stlth    ..........             (no amulet)
HPRegen  0.29/turn              N - ring of magical power
MPRegen  0.21/turn              B - ring of see invisible

@: lethally poisoned (-2 -> -12), repel missiles
A: hooves 1, horns 1, iridescent scales 1, strong 1
a: Upheaval, Elemental Force, Renounce Religion


You were on level 13 of the Dungeon.
You worshipped Qazlal.
Qazlal was greatly pleased with you.
You were hungry.

You visited 2 branches of the dungeon, and saw 14 of its levels.
You also visited: Ossuary.

You collected 647 gold pieces.
You spent 424 gold pieces at shops.

Inventory:

Hand Weapons
 a - the +5 great sword of Takkeyly (weapon) {slice, rF+ Stlth+}
   (You bought it in a shop on level 11 of the Dungeon)

   It inflicts extra damage upon your enemies.
   It protects you from fire.
   It makes you more stealthy.
 m - a +1 scimitar of flaming
Armour
 c - a +0 shield
 i - a +0 plate armour (worn)
 C - a +0 cloak (worn)
Jewellery
 p - an uncursed ring of protection from cold
 t - an uncursed ring of fire
 B - a ring of see invisible (right hand)
 D - an uncursed ring of magical power
 N - a ring of magical power (left hand)
Wands
 h - a wand of polymorph (1)
 j - a wand of scattershot (2)
 l - a wand of enslavement (5)
 v - a wand of paralysis (6)
 y - a wand of random effects (14)
 G - a wand of iceblast (31)
Scrolls
 b - a scroll of noise
 d - a scroll of immolation {unknown}
 e - 2 scrolls of fear
 g - 5 scrolls of teleportation
 q - 2 scrolls of magic mapping
 u - 3 scrolls of remove curse
 z - 4 scrolls of amnesia
 E - 5 scrolls of enchant weapon
 I - 2 scrolls of fog
 K - a scroll of enchant armour
Potions
 k - a potion of mutation
 n - a potion of flight
 s - 2 potions of brilliance
 A - 2 potions of invisibility
 F - a potion of berserk rage
 H - a potion of magic
 L - a potion of ambrosia
Comestibles
 f - 15 rations


   Skills:
 + Level 10.9 Fighting
 + Level 11.6 Long Blades
 + Level 10.5 Armour
 - Level 0.3 Dodging
 - Level 0.2 Stealth
 - Level 10.0 Shields
 - Level 2.2 Spellcasting
 - Level 9.1 Invocations
 + Level 7.5 Evocations


You had 16 spell levels left.
You didn't know any spells.
Your spell library contained the following spells:

 Spells                   Type           Power        Failure   Level  Hunger
 Beastly Appendage        Tmut           #.....       98%         1    ##.....
 Infusion                 Chrm           #...         98%         1    ##.....
 Summon Small Mammal      Summ           #...         98%         1    ##.....
 Call Imp                 Summ           #.......     99%         2    ###....
 Poisonous Vapours        Pois/Air       #.....       99%         2    ###....
 Shroud of Golubria       Chrm/Tloc      #.........   99%         2    ###....
 Song of Slaying          Chrm           #.......     99%         2    ###....
 Sticks to Snakes         Tmut           #.......     99%         2    ###....
 Call Canine Familiar     Summ           #.......     100%        3    ####...
 Conjure Flame            Conj/Fire      #.......     100%        3    ####...
 Mephitic Cloud           Conj/Pois/Air  #.......     100%        3    ####...
 Regeneration             Chrm/Necr      #.........   100%        3    ####...
 Spectral Weapon          Hex/Chrm       #.......     100%        3    ####...
 Spider Form              Tmut/Pois      #.........   100%        3    ####...
 Summon Guardian Golem    Hex/Summ       #.......     100%        3    ####...
 Ice Form                 Ice/Tmut       #.......     100%        4    #####..
 Summon Ice Beast         Ice/Summ       #.......     100%        4    #####..
 Summon Lightning Spire   Summ/Air       #.......     100%        4    #####..
 Blade Hands              Tmut           #.........   100%        5    ######.
 Freezing Cloud           Conj/Ice/Air   #.........   100%        6    #######
 Ring of Flames           Chrm/Fire      #.........   100%        7    #######


Dungeon Overview and Level Annotations

Branches:
Dungeon (13/15)            Temple (1/1) D:5            Lair (0/6) D:9
    Orc (0/2) D:12
 Vaults: D:13-14

Altars:
Ashenzari
Cheibriados
Dithmenos
Elyvilon
Fedhas
Gozag
Hepliaklqana
Kikubaaqudgha
Makhleb
Nemelex Xobeh
Okawaru
Qazlal
Ru
Sif Muna
Trog
Uskayaw
Vehumet
Wu Jian
Xom
Yredelemnul
Zin
The Shining One

Shops:
D:4 =   D:6 *   D:11 (   D:12 [??

Annotations:
D:11 3 runed translucent doors, ViolentOr's ghost, journeyman GnWz; raetorn's ghost, journeyman MfGl


Innate Abilities, Weirdness & Mutations

You have large cloven feet.
You have a pair of small horns on your head.
You are partially covered in iridescent scales. (AC +2)
Your muscles are strong. (Str +2)


Message History

The meliai stings you.
* * * LOW HITPOINT WARNING * * *
Okay, then.
Blink to where?
Press: ? - help, Dir - move target cursor You are very lightly contaminated with residual magic.
As you read the scroll of blinking, it crumbles to dust.
You feel sick.
The meliai mumbles some strange prayers to its god against you.
Something smites you!
* * * LOW HITPOINT WARNING * * *
Okay, then.
You feel magically purged.
Your magical contamination has completely faded away.
* * * LOW HITPOINT WARNING * * *
You feel sick.
The meliai calls upon its god to heal the meliai.
The meliai's wounds heal themselves!
The meliai hits you but does no damage. The meliai stings you.
You die...

#..###.###...[.#
#.....†........#
#...##.####....#
#...#..#..'....+
#......#.##....###
##..#####.#.........#
...........(......#.#
##.....#.○§###.....#.
#####.....@.........
######...y☼.......
#......###......
#......# #y.°#..
#......###)§y# .
#......'...J.#
#......####.J#
######## #.....
.#...... #......
J......


You could see 2 slime creatures and 3 meliai.

Vanquished Creatures
  A hydra (D:10)
  3 two-headed ogres
  Erica (D:8)
  Urug (D:12)
  Nergalle (D:11)
  2 unseen horrors
  A wolf spider zombie (D:13)
  2 ugly things
  2 manticores
  4 trolls
  A hornet (D:11)
  7 slime creatures (D:12)
  Grinder (D:5)
  2 dream sheep (D:10)
  2 hippogriffs (D:12)
  A hog (shapeshifter) (D:12)
  A shadow (D:11)
  A wyvern (D:12)
  A centaur simulacrum (D:11)
  24 yaks
  3 hungry ghosts
  A soldier ant (D:11)
  2 acid dragons (D:11)
  2 water moccasins
  7 orc warriors
  An ice beast (D:12)
  4 sky beasts
  2 phantoms
  2 black bears
  2 wolves
  7 ogres
  6 centaurs
  6 big kobolds
  An elf zombie (Ossuary)
  4 bullfrogs
  A wyvern zombie (D:10)
  2 scorpions
  4 killer bees (D:10)
  13 wights
  5 electric eels (D:9)
  5 crimson imps
  3 centaur zombies
  6 orc priests
  5 hounds
  7 jellies
  A centaur skeleton (D:10)
  2 bullfrog skeletons (D:6)
  8 orc wizards
  4 iguanas
  5 worker ants
  Ijyb (D:5)
  A killer bee zombie (D:8)
  A hound skeleton (D:8)
  3 mummies
  Robin (D:3)
  A howler monkey skeleton (D:7)
  7 adders
  A shadow imp (D:7)
  2 oozes
  An adder zombie (Ossuary)
  2 adder skeletons
  4 worms
  3 dart slugs
  3 leopard geckos
  55 orcs
  A ball python (D:4)
  6 giant cockroaches
  16 goblins
  5 hobgoblins
  16 jackals
  5 quokkas
  2 bats
  4 frilled lizards
  A giant cockroach zombie (D:5)
  A goblin zombie (Ossuary)
  9 hobgoblin zombies (Ossuary)
  A jackal skeleton (D:6)
  6 jackal zombies (Ossuary)
  16 kobolds
  10 kobold zombies (Ossuary)
  A leopard gecko skeleton (D:5)
  7 orc zombies (Ossuary)
  A quokka skeleton (D:7)
  3 rats
  A rat zombie (Ossuary)
378 creatures vanquished.

Vanquished Creatures (collateral kills)
  3 orcs (D:12)
3 creatures vanquished.

Vanquished Creatures (others)
  An unseen horror (D:13)
  A wolf (D:9)
  A plant (D:10)
  4 withered plants (D:11)
7 creatures vanquished.

Grand Total: 388 creatures vanquished

Notes
Turn   | Place    | Note
-------+----------+-------------------------------------------
     0 | D:1      | Emblim88 the Hill Orc Fighter began the quest for the Orb.
     0 | D:1      | Reached XP level 1. HP: 19/19 MP: 1/1
    86 | D:1      | Reached XP level 2. HP: 25/27 MP: 2/2
   908 | D:2      | Reached XP level 3. HP: 27/33 MP: 3/3
  1352 | D:2      | Reached XP level 4. HP: 40/40 MP: 4/4
  1751 | D:3      | Noticed a sky beast
  1780 | D:3      | Killed a sky beast
  1780 | D:3      | Reached skill level 3 in Long Blades
  1780 | D:3      | Reached XP level 5. HP: 10/46 MP: 5/5
  2137 | D:3      | Noticed Robin
  2171 | D:3      | Reached skill level 5 in Shields
  2173 | D:3      | Killed Robin
  2512 | D:3      | Reached XP level 6. HP: 44/53 MP: 6/6
  2876 | D:4      | Found a hazy altar of Hepliaklqana.
  2903 | D:4      | Found Poetoel's Jewellery Emporium.
  3101 | D:4      | Reached skill level 4 in Long Blades
  3408 | D:4      | Found a sand-covered staircase.
  3418 | Ossuary  | Entered an ossuary
  4075 | D:5      | Entered Level 5 of the Dungeon
  4075 | D:5      | Found a staircase to the Ecumenical Temple.
  4089 | Temple   | Entered the Ecumenical Temple
  4092 | Temple   | Reached skill level 5 in Armour
  4092 | Temple   | Reached XP level 7. HP: 29/60 MP: 7/7
  4102 | Temple   | Reached skill level 5 in Long Blades
  4636 | Temple   | Became a worshipper of Qazlal Stormbringer
  4913 | D:5      | Reached skill level 5 in Fighting
  4948 | D:5      | Noticed Grinder
  4960 | D:5      | Paralysed by Grinder for 4 turns
  4969 | D:5      | Killed Grinder
  4969 | D:5      | Reached skill level 6 in Long Blades
  5016 | D:5      | Reached XP level 8. HP: 34/68 MP: 8/8
  5308 | D:5      | Reached skill level 7 in Long Blades
  5546 | D:5      | Noticed Ijyb
  5555 | D:5      | Killed Ijyb
  5917 | D:6      | Reached * piety under Qazlal
  5927 | D:6      | Found Xedar's General Store.
  5935 | D:6      | Bought a scroll of fog for 22 gold pieces
  6192 | D:6      | Reached skill level 8 in Long Blades
  6327 | D:6      | Gained mutation: You are frail. (-10% HP) [potion of
                  | mutation]
  6327 | D:6      | Gained mutation: You have a pair of small antennae on your
                  | head. [potion of mutation]
  6899 | D:7      | Reached skill level 1 in Invocations
  6899 | D:7      | Reached XP level 9. HP: 57/67 MP: 9/9
  7058 | D:7      | Reached ** piety under Qazlal
  7235 | D:7      | Reached skill level 1 in Evocations
  7253 | D:7      | Reached skill level 1 in Spellcasting
  7960 | D:8      | Noticed Erica
  7990 | D:8      | Killed Erica
  7990 | D:8      | Reached skill level 9 in Long Blades
  7990 | D:8      | Reached XP level 10. HP: 27/77 MP: 13/13
  8888 | D:9      | Noticed an unseen horror
  9282 | D:9      | Found a staircase to the Lair.
  9818 | D:9      | Reached skill level 5 in Invocations
 10210 | D:9      | Killed an unseen horror
 10624 | D:9      | Lost mutation: You are frail. (-10% HP) [potion of
                  | mutation]
 10624 | D:9      | Lost mutation: You have a pair of small antennae on your
                  | head. [potion of mutation]
 10624 | D:9      | Gained mutation: You have a pair of small horns on your
                  | head. [potion of mutation]
 10624 | D:9      | Gained mutation: You have large cloven feet. [potion of
                  | mutation]
 10624 | D:9      | Gained mutation: You are partially covered in iridescent
                  | scales. (AC +2) [potion of mutation]
 10624 | D:9      | Gained mutation: Your muscles are strong. (Str +2) [potion
                  | of mutation]
 10627 | D:10     | Entered Level 10 of the Dungeon
 10972 | D:10     | Found a shadowy altar of Dithmenos.
 10982 | D:10     | Reached XP level 11. HP: 73/94 MP: 15/15
 11066 | D:10     | Noticed a two-headed ogre
 11077 | D:10     | Killed a two-headed ogre
 11146 | D:10     | Reached skill level 10 in Long Blades
 11257 | D:10     | Noticed a three-headed hydra
 11264 | D:10     | Killed a one-headed hydra
 11264 | D:10     | Reached skill level 5 in Evocations
 11500 | D:11     | Noticed a two-headed ogre
 11507 | D:11     | Killed a two-headed ogre
 11565 | D:11     | Identified the +5 ring mail "Notebbant" {MP+9}
 11772 | D:11     | Paralysed by a hornet for 1 turns
 11774 | D:11     | Reached *** piety under Qazlal
 11845 | D:11     | Noticed an unseen horror
 11846 | D:11     | Killed an unseen horror
 11846 | D:11     | Reached XP level 12. HP: 82/105 MP: 18/18
 11851 | D:11     | Found a gate leading to a gauntlet.
 11858 | D:11     | Noticed a two-headed ogre
 11865 | D:11     | Killed a two-headed ogre
 12278 | D:11     | Found Gean's Antique Weapon Boutique.
 12289 | D:11     | Noticed Nergalle
 12313 | D:11     | Killed Nergalle
 12313 | D:11     | Reached skill level 10 in Shields
 12616 | D:11     | Bought an iridescent great sword for 368 gold pieces
 12621 | D:11     | Identified the +5 great sword of Takkeyly {slice, rF+
                  | Stlth+} (You bought it in a shop on level 11 of the
                  | Dungeon)
 12685 | D:11     | Found a runed translucent gate.
 12685 | D:11     | Found a runed translucent gate.
 12686 | D:11     | Noticed ViolentOr's ghost (journeyman GnWz)
 12687 | D:11     | Found a runed translucent gate.
 12687 | D:11     | Noticed raetorn's ghost (journeyman MfGl)
 13066 | D:12     | Found Pyfiuzysh's Magic Scroll Shop.
 13093 | D:12     | Reached skill level 10 in Fighting
 13105 | D:12     | Reached skill level 11 in Long Blades
 13488 | D:12     | Reached **** piety under Qazlal
 13606 | D:12     | Found Ytaqeohuc's Magic Scroll Boutique.
 13612 | D:12     | Bought a scroll of identify for 34 gold pieces
 13729 | D:12     | Found Ciotoq's Armour Shoppe.
 13756 | D:12     | Found a staircase to the Orcish Mines.
 13816 | D:12     | Noticed Urug
 13887 | D:12     | Killed Urug
 14216 | D:12     | Reached skill level 10 in Armour
 15405 | D:13     | Reached XP level 13. HP: 99/115 MP: 19/19
 15430 | D:13     | HP: 4/115 [meliai/divine providence (11)]
 15431 | D:13     | Slain by a meliai

Skill      XL: |  1  2  3  4  5  6  7  8  9 10 11 12 |
---------------+-------------------------------------+-----
Fighting       | 4 5 6 7 8 9 10 | 10.9
Shields        | 4 5 6 7 8 9 10 | 10.0
Long Blades    | 3 4 6 8 9 10 11 | 11.6
Armour         | 4 5 6 7 8 9 10 | 10.5
Invocations    | 1 4 6 8 9 |  9.1
Evocations     | 2 4 6 7 |  7.5
Spellcasting   | 2 |  2.2
Dodging        | |  0.3
Stealth        | |  0.2

Action                   |  1- 3 |  4- 6 |  7- 9 | 10-12 | 13-15 || total
-------------------------+-------+-------+-------+-------+-------++-------
Melee: Long sword        |   113 |   321 |   519 |    12 |       ||   965
       Scimitar          |       |       |       |   486 |       ||   486
       Kick              |       |       |       |   179 |     3 ||   182
       Headbutt          |       |       |       |    80 |     1 ||    81
       Great sword       |       |       |       |   104 |     5 ||   109
Invok: Upheaval          |       |       |       |     8 |       ||     8
       Elemental Force   |       |       |       |     1 |       ||     1
Evoke: Wand              |       |       |       |    27 |       ||    27
  Use: Potion            |       |     1 |     8 |    17 |     1 ||    27
       Scroll            |       |       |    16 |     4 |     1 ||    21
  Eat: Chunk             |     1 |     6 |     7 |       |       ||    14
       Ration            |       |     1 |     2 |     9 |       ||    12
Armor: Scale mail        |     6 |       |       |       |       ||     6
       Plate armour      |    82 |   194 |   220 |   370 |    10 ||   876
Dodge: Dodged            |    31 |    60 |    64 |   155 |     9 ||   319
       Deflected         |       |       |       |     2 |       ||     2
Block: Shield            |    61 |   173 |   296 |   392 |       ||   922
       Other             |       |       |       |    55 |     1 ||    56
       Rpst.: Long sword |    11 |    22 |    20 |       |       ||    53
       Scimitar          |       |       |       |    20 |       ||    20
       Great sword       |       |       |       |    15 |     3 ||    18
